 Dungeon Crawl Stone Soup version 0.31.0-4-g52a2dc7128 (webtiles) character file.

Game seed: 10289984296767920166

250267 olmar the Slayer (level 19, -1/142 HPs)
             Began as a Gargoyle Fighter on Jan 22, 2024.
             Was an Initiate of Gozag.
             Killed from afar by a deep elf annihilator (44 damage)
             ... with an iron shot
             ... on level 3 of the Elven Halls.
             The game lasted 01:10:05 (33116 turns).

olmar the Slayer (Gargoyle Fighter)                Turns: 33116, Time: 01:10:05

Health: -1/142     AC: 39    Str: 22    XL:     19   Next: 62%
Magic:  19/19      EV: 16    Int: 15    God:    Gozag
Gold:   310        SH:  0    Dex: 14    Spells: 18/18 levels left

rFire   + + .        d - +4 dire flail (flame)
rCold   + + +        (shield currently unavailable)
rNeg    + . .        s - +7 ring mail "Lunninobb" {rF+ Dex+3 Slay-3}
rPois   ∞            L - +2 hood of the Assassin {Detect Stab+ Stlth++}
rElec   +            T - +1 cloak of Curiosity {Regen+ Str-3 Dex+2}
rCorr   .            H - +2 pair of gloves {hurl}
SInv    +            G - +0 pair of boots
Will    ++...        m - amulet of regeneration
Stlth   +++          y - ring "Keqic" {rC++ Will+ EV+5 Str-2}
HPRegen 2.03/turn    W - ring "Ducleih" {rF+ rC+ Int+5 SInv}
MPRegen 0.16/turn

%: no passive effects
@: gold aura, flying, studying Unarmed Combat
A: sickness immunity, AC +14, big wings, negative energy resistance 1,
electricity resistance, torment resistance 1, petrification resistance,
screaming 1
}: 2/15 runes: serpentine, abyssal
a: Renounce Religion, Potion Petition, Call Merchant, Bribe Branch


You were on level 3 of the Elven Halls.
You worshipped Gozag.
Gozag was aware of your devotion.
You visited 6 branches of the dungeon, and saw 30 of its levels.
You visited the Abyss 2 times.
You also visited: Sewer, Bailey and Ice Cave.

You collected 15334 gold pieces.
You spent 5857 gold pieces at shops.
You paid 9167 gold pieces to Gozag.

Inventory:

Hand Weapons
 d - a +4 dire flail of flaming (weapon)
 F - the +7 flail of the Bursting Rat {flame, rPois Str+2 Dex+3}
   (You bought it in a shop on level 2 of the Orcish Mines)

   Str+2:     It affects your strength (+2).
   Dex+3:     It affects your dexterity (+3).
   rPois:     It protects you from poison
Missiles
 A - 4 curare-tipped darts
Armour
 e - a +2 kite shield of fire resistance
 s - the +7 ring mail "Lunninobb" (worn) {rF+ Dex+3 Slay-3}
   (You bought it in a shop on level 13 of the Dungeon)

   Dex+3:     It affects your dexterity (+3).
   Slay-3:    It affects your accuracy & damage with ranged weapons and melee
   (-3).
   rF+:       It protects you from fire.
 G - a +0 pair of boots (worn)
 H - a +2 pair of gloves of hurling (worn)
 K - a +2 tower shield
 L - the +2 hood of the Assassin (worn) {Detect Stab+ Stlth++}
   (You bought it in a shop on level 3 of the Elven Halls)

   Detect:    It allows the wearer to sense nearby creatures.
   Stab+:     It allows the wearer to make particularly effective stabbing
   attacks against helpless or unaware enemies with any weapon.
   Stlth++:   It makes you much more stealthy.
 T - the +1 cloak of Curiosity (worn) {Regen+ Str-3 Dex+2}
   (You found it on level 11 of the Dungeon)

   Str-3:     It affects your strength (-3).
   Dex+2:     It affects your dexterity (+2).
   Regen+:    It increases your rate of health regeneration.
Jewellery
 a - a ring of resist corrosion
 i - the ring of Gaeviaq {Will+ Dex+3}
   (You found it on level 15 of the Dungeon)

   [ring of willpower]

   Dex+3:     It affects your dexterity (+3).
   Will+:     It increases your willpower.
 l - a ring of protection from fire
 m - an amulet of regeneration (around neck)
 q - a ring of fire
 v - a ring of positive energy
 y - the ring "Keqic" (left hand) {rC++ Will+ EV+5 Str-2}
   (You found it on level 15 of the Dungeon)

   [ring of evasion]

   EV+5:      It affects your evasion (+5).
   Str-2:     It affects your strength (-2).
   rC++:      It greatly protects you from cold.
   Will+:     It increases your willpower.
 W - the ring "Ducleih" (right hand) {rF+ rC+ Int+5 SInv}
   (You found it in an ice cave)

   [ring of protection from fire]

   Int+5:     It affects your intelligence (+5).
   rF+:       It protects you from fire.
   rC+:       It protects you from cold.
   SInv:      It lets you see invisible.
 Y - a +4 ring of slaying
Wands
 j - a wand of paralysis (7)
 n - a wand of flame (5)
 r - a wand of polymorph (16)
 J - a wand of roots (12)
 S - a wand of quicksilver (12)
Scrolls
 b - 2 scrolls of silence
 c - 4 scrolls of immolation
 f - 4 scrolls of enchant weapon
 h - 6 scrolls of enchant armour
 p - 8 scrolls of vulnerability
 t - 6 scrolls of teleportation
 u - 4 scrolls of revelation
 w - 5 scrolls of fog
 z - 2 scrolls of fear
 B - a scroll of brand weapon
 M - a scroll of butterflies
 R - a scroll of poison
Potions
 k - 10 potions of enlightenment
 o - 8 potions of curing
 x - 9 potions of mutation
 C - 2 potions of ambrosia
 D - 3 potions of resistance
 E - 4 potions of haste
 I - 9 potions of lignification
 N - 2 potions of cancellation
 Q - 5 potions of heal wounds
 U - 2 potions of berserk rage
 V - 4 potions of magic
 X - a potion of attraction
Miscellaneous
 O - a sack of spiders (inert) (quivered)
 P - a phial of floods
 Z - a tin of tremorstones (1/2)


   Skills:
 + Level 23.4 Fighting
 + Level 22.6 Maces & Flails
 + Level 15.2 Armour
 - Level 1.6 Dodging
 - Level 0.2 Stealth
 - Level 5.3 Shields
 + Level 5.2 Evocations


You had 18 spell levels left.
You didn't know any spells.
Your spell library contained the following spells:

 Spells                   Type           Power      Damage    Failure   Level
 Apportation              Tloc           0%         N/A       36%         1
 Kiss of Death            Conj/Necr      0%         2d5       36%         1
 Necrotise                Necr           0%         1d4       36%         1
 Sting                    Conj/Alch      0%         1d3       36%         1
 Summon Small Mammal      Summ           0%         N/A       36%         1
 Lesser Beckoning         Tloc           0%         N/A       50%         2
 Mercury Vapours          Alch/Air       0%         N/A       50%         2
 Scorch                   Fire           0%         2d5       50%         2
 Call Canine Familiar     Summ           0%         N/A       73%         3
 Confusing Touch          Hex            0%         N/A       73%         3
 Frozen Ramparts          Ice            0%         1d1       73%         3
 Gell's Gravitas          Tloc           0%         N/A       73%         3
 Hailstorm                Conj/Ice       0%         3d5       73%         3
 Sigil of Binding         Hex            0%         N/A       73%         3
 Summon Ice Beast         Ice/Summ       0%         N/A       73%         3
 Teleport Other           Tloc           0%         N/A       73%         3
 Animate Armour           Summ/Erth      0%         N/A       98%         4
 Dimensional Bullseye     Hex/Tloc       0%         N/A       98%         4
 Dispel Undead            Necr           0%         3d6       98%         4
 Flame Wave               Conj/Fire      0%         2d4       98%         4
 Ignite Poison            Fire/Alch      0%         N/A       98%         4
 Leda's Liquefaction      Alch/Erth      0%         N/A       98%         4
 Olgreb's Toxic Radiance  Alch           0%         N/A       98%         4
 Petrify                  Alch/Erth      0%         N/A       98%         4
 Sticky Flame             Fire/Alch      0%         2d4       98%         4
 Summon Lightning Spire   Summ/Air       0%         N/A       98%         4
 Lee's Rapid Deconstruct  Erth           0%         3d4*      100%        5
 Metabolic Englaciation   Hex/Ice        0%         N/A       100%        5
 Summon Forest            Summ/Tloc      0%         N/A       100%        5
 Summon Mana Viper        Hex/Summ       0%         N/A       100%        5
 Eringya's Noxious Bog    Alch           0%         4d6       100%        6
 Sculpt Simulacrum        Ice/Alch       0%         N/A       100%        6
 Summon Cactus Giant      Summ           0%         N/A       100%        6
 Summon Hydra             Summ           0%         N/A       100%        7
 Ignition                 Fire           0%         3d3       100%        8


Dungeon Overview and Level Annotations

Branches:
Dungeon (15/15)            Temple (1/1) D:4            Lair (5/5) D:11
 Shoals (0/4) Lair:2        Snake (4/4) Lair:2        Slime (0/5) Lair:4
    Orc (2/2) D:11            Elf (3/3) Orc:2        Vaults (0/5) D:14
 Depths (0/4) D:15          Sewer (visited)          Bailey (visited)
  IceCv (visited)

Altars:
Ashenzari
Cheibriados
Dithmenos
Elyvilon
Fedhas
Gozag
Hepliaklqana
Kikubaaqudgha
Makhleb
Nemelex Xobeh
Okawaru
Qazlal
Ru
Sif Muna
Trog
Uskayaw
Vehumet
Wu Jian
Xom
Yredelemnul
Zin
The Shining One

Shops:
D:1 *   D:5 (   D:9 !   D:11 *   D:13 [(   D:15 *(   Orc:2 ?[(*?=(*   Elf:3 [

Annotations:
Elf:2 3 runed translucent doors


Innate Abilities, Weirdness & Mutations

You are immune to sickness and miasma.
Your stone body is resilient. (AC +14)
You are immune to poison.
Your large and strong wings let you fly.
You resist negative energy. (rN+)
You are resistant to electric shocks. (rElec)
You are resistant to unholy torment.
You are immune to petrification.
You occasionally shout uncontrollably at your foes.


Message History

The grasping roots constrict the deep elf elementalist!
The grasping roots constrict the deep elf annihilator.
The roots release their grip on the deep elf annihilator.
Unknown command.
You impale the deep elf annihilator!! You burn the deep elf annihilator!
You kill the deep elf annihilator!
The grasping roots constrict the deep elf annihilator.
The grasping roots constrict the deep elf elementalist.
Unknown command.
You strike the helpless deep elf annihilator from behind!
You impale the deep elf annihilator!! You burn the deep elf annihilator.
The deep elf annihilator is heavily wounded.
The grasping roots constrict the deep elf annihilator.
The grasping roots constrict the deep elf elementalist.
The deep elf demonologist casts a spell.
The deep elf elementalist struggles to escape constriction.
The deep elf annihilator points at you and mumbles some strange words.
The crystal spear misses you. The crystal spear misses your redback.
The deep elf annihilator tears the web.
Unknown command.
You hit the deep elf annihilator. You burn the deep elf annihilator.
The deep elf annihilator is severely wounded.
The grasping roots constrict the deep elf annihilator.
The grasping roots constrict the deep elf elementalist.
Unknown command.
You hit the deep elf annihilator. You burn the deep elf annihilator.
The deep elf annihilator is almost dead.
The grasping roots constrict the deep elf annihilator.
The grasping roots constrict the deep elf elementalist.
The roots release their grip on the deep elf annihilator.
The roots release their grip on the deep elf elementalist.
The deep elf demonologist casts a spell.
You barely miss the deep elf elementalist.
The deep elf elementalist is severely wounded.
The deep elf demonologist mumbles some strange words.
The deep elf elementalist hits you with a +0 long sword!
The deep elf annihilator gestures at you while chanting.
The iron shot hits you!!!
You die...
Your body crumbles into a pile of gold.

####.....##.# .
#..........####.
##..............#
#................
#................
#................
#.........#.# #.#
###s.......#.## #.
###e@s...$##..#.## #
#e2e##s.##....##.####
#2####..###..........
#######{# ####
########.## #^.....{#
{ { ##.# ........# {
####. ...#....#{ {{
#.... .. ##e.## #####
#... #.#


You could see a balrug (summoned), a deep elf annihilator (ally target), a deep
elf elementalist (repels missiles), a deep elf demonologist, a hellion
(summoned), a friendly culicivora (summoned), a friendly redback (summoned) and
a friendly scorpion (summoned).

Vanquished Creatures
  Bai Suzhen (Snake:3)
  A bone dragon (Abyss:3)
  The ghost of Qebbeiho the Metamorph, an adept OpSh of Wu Jian (Elf:2)
  2 liches (Abyss:3)
  Donald (Elf:2)
  Aizul (Snake:1)
  4 nagarajas
  A fire giant (D:15)
  4 deep elf sorcerers
  A deep elf elementalist (Elf:3)
  An orc warlord (Elf:1)
  4 very ugly things (Abyss:3)
  2 stone giants (D:15)
  A deep elf death mage (Elf:3)
  3 deep elf annihilators (Elf:3)
  A deep elf demonologist (Elf:3)
  A dire elephant (Lair:5)
  An eidolon (Abyss:3)
  An ettin (Orc:1)
  A fire dragon (D:15)
  Josephine (D:10)
  2 deep elf high priests (Elf:3)
  5 salamander tyrants (Snake:4)
  A rakshasa (D:15)
  5 vault guards
  Harold (D:10)
  An ice dragon (IceCv)
  6 hydras
  7 anacondas
  4 centaur warriors
  An anaconda (shapeshifter) (Elf:1)
  5 ogre magi
  Erolcha (Orc:1)
  4 boulder beetles
  10 dancing weapons
  19 two-headed ogres
  14 naga warriors
  2 catoblepae (D:15)
  14 naga sharpshooters
  A deep troll shaman (D:15)
  6 thrashing horrors
  4 hell hogs
  3 death yaks (Lair:5)
  5 orc high priests
  3 shock serpents
  14 deep elf knights
  2 salamander mystics
  A skyshark (Lair:4)
  4 wretched stars (Abyss:3)
  A fire crab (Lair:5)
  9 mana vipers
  3 lindwurms
  8 naga ritualists
  13 deep elf archers
  2 harpies (shapeshifter) (D:15)
  5 orc knights
  25 deep elf zephyrmancers
  37 deep elf pyromancers
  A wolf spider (Lair:5)
  3 harpies (D:15)
  A faun (shapeshifter) (Elf:1)
  6 ugly things
  11 cyclopes
  3 orc sorcerers
  A will-o-the-wisp (Abyss:3)
  4 manticores
  8 salamanders
  10 meliai
  15 elephants
  2 kobold blastminers (Orc:2)
  34 black mambas
  A guardian serpent (Snake:4)
  2 ice statues (IceCv)
  3 smoke demons
  2 large abominations
  16 naga magi
  8 rime drakes
  11 cane toads
  2 yaktaurs
  12 komodo dragons
  An unseen horror (D:12)
  2 efreet
  An ancient zyme (Abyss:3)
  A hornet (D:6)
  3 trolls
  Grinder (D:5)
  3 glass eyes (D:15)
  A queen bee (Abyss:3)
  A wind drake (Lair:2)
  17 blink frogs
  9 polar bears (Lair:5)
  Prince Ribbit (Lair:3)
  3 dream sheep (Lair:5)
  2 raiju (Lair:5)
  3 slime creatures
  2 shadows (D:10)
  A small abomination (Abyss:3)
  3 centaur simulacra
  5 wraiths
  3 air elementals
  10 water elementals
  A vampire (D:11)
  4 wyverns
  A ynoxinul (Abyss:4)
  34 yaks
  A yak (shapeshifter) (D:14)
  A fire elemental (Elf:2)
  14 vampire mosquitoes
  Menkaure (D:6)
  7 basilisks
  7 wargs
  3 steam dragons
  A chaos spawn (Abyss:3)
  2 neqoxecs
  4 acid dragons
  11 water moccasins
  34 nagas
  13 hell hounds (Lair:5)
  32 orc warriors
  12 black bears
  3 ice beasts
  7 centaurs
  4 laughing skulls (D:15)
  27 ogres
  37 wolves
  2 phantoms
  Blork the orc (D:5)
  2 weeping skulls (Abyss:3)
  5 scorpions
  12 bullfrogs
  4 necrophages (D:10)
  2 two-headed ogre simulacra (D:13)
  4 earth elementals
  6 wights
  14 killer bees
  A lindwurm simulacrum (IceCv)
  2 elephant simulacra (D:13)
  8 howler monkeys
  4 electric eels
  2 bombardier beetles
  A centaur zombie (D:10)
  6 hounds
  A human zombie (D:10)
  9 komodo dragon simulacra (IceCv)
  18 orc priests
  6 jellies
  6 iguanas
  2 sleepcaps (D:7)
  Jessica (D:3)
  A hell rat (Lair:2)
  20 orc wizards
  A troll simulacrum (D:13)
  A spriggan simulacrum (D:13)
  2 mummies (D:10)
  A howler monkey zombie (D:10)
  Robin (D:4)
  4 acid dragon simulacra (IceCv)
  13 adders
  A gnoll (Bailey)
  A naga simulacrum (D:13)
  8 river rats (Lair:2)
  A shadow imp (D:7)
  6 white imps
  An ufetubus (D:13)
  7 steam dragon simulacra (IceCv)
  9 dart slugs
  3 ribbon worms
  69 orcs
  13 ball pythons
  3 bats
  5 endoplasms
  9 giant cockroaches
  19 goblins
  14 hobgoblins
  14 jackals
  3 quokkas
  7 frilled lizards
  13 kobolds
  13 rats
1154 creatures vanquished.

Vanquished Creatures (collateral kills)
  A hydra (Lair:4)
  A deep elf pyromancer (Elf:2)
  A cyclops (D:15)
  A glass eye (D:15)
4 creatures vanquished.

Vanquished Creatures (others)
  A deep elf knight (Elf:1)
  2 deep elf zephyrmancers (Elf:1)
  A black mamba (Snake:4)
  2 naga magi (Snake:4)
  A polar bear (D:13)
  A warg (Lair:5)
  A naga simulacrum (D:13)
  2 ufetubi (Abyss:3)
  2 orcs
  A foxfire (Abyss:3)
  A lurking horror (Abyss:3)
15 creatures vanquished.

Grand Total: 1173 creatures vanquished

Notes
Turn   | Place    | Note
-------+----------+-------------------------------------------
     0 | D:1      | olmar the Gargoyle Fighter began the quest for the Orb.
     0 | D:1      | Reached XP level 1. HP: 14/14 MP: 1/1
    62 | D:1      | Found a faded altar of an unknown god.
    68 | D:1      | Found Ziofewu's General Store.
   432 | D:1      | Reached XP level 2. HP: 19/19 MP: 2/2
   956 | D:2      | Found a blossoming altar of Fedhas.
   989 | D:2      | Reached XP level 3. HP: 23/23 MP: 3/3
  1503 | D:2      | Reached XP level 4. HP: 29/29 MP: 4/4
  1985 | D:3      | Reached skill level 1 in Dodging
  2022 | D:3      | Found a glowing drain.
  2026 | Sewer    | Entered a sewer
  2077 | Sewer    | Reached skill level 4 in Fighting
  2077 | Sewer    | Reached XP level 5. HP: 33/33 MP: 5/5
  2664 | Sewer    | Reached XP level 6. HP: 22/38 MP: 6/6
  2875 | D:3      | Noticed Jessica
  3051 | D:3      | Killed Jessica
  3644 | D:3      | Reached XP level 7. HP: 32/44 MP: 7/7
  3845 | D:4      | Noticed Eustachio
  3848 | D:4      | Eustachio changed into Eustachio the ribbon worm
  3848 | D:4      | Noticed Eustachio
  3866 | D:4      | Killed Eustachio the ribbon worm
  3950 | D:4      | Reached skill level 5 in Armour
  3950 | D:4      | Reached skill level 5 in Shields
  4018 | D:4      | Found a staircase to the Ecumenical Temple.
  4035 | Temple   | Entered the Ecumenical Temple
  4049 | Temple   | Became a worshipper of Gozag Ym Sagoz the Greedy
  4112 | D:4      | Reached skill level 5 in Maces & Flails
  4328 | D:4      | Noticed Robin
  4334 | D:4      | Killed Robin
  4613 | D:4      | Found a glowing silver altar of Zin.
  4739 | D:5      | Entered Level 5 of the Dungeon
  4804 | D:5      | Noticed Blork the orc
  4819 | D:5      | Killed Blork the orc
  4876 | D:5      | Reached XP level 8. HP: 48/48 MP: 8/8
  4895 | D:5      | Noticed Edmund
  4902 | D:5      | Edmund changed into Edmund the wolf
  4902 | D:5      | Noticed Edmund
  4903 | D:5      | Noticed Grinder
  4915 | D:5      | Killed Edmund the wolf
  4925 | D:5      | Paralysed by Grinder for 3 turns
  4937 | D:5      | Killed Grinder
  4938 | D:5      | Reached skill level 5 in Fighting
  5099 | D:5      | Found Qajosuuv's Hydra Hut.
  5111 | D:5      | Noticed a six-headed hydra
  6294 | D:6      | Noticed Menkaure
  6313 | D:6      | Killed Menkaure
  6314 | D:6      | Reached XP level 9. HP: 19/55 MP: 9/9
  6917 | D:7      | Noticed a hornet
  6936 | D:6      | Killed a hornet
  6937 | D:6      | Reached skill level 6 in Fighting
  8263 | D:8      | Reached skill level 7 in Fighting
  8263 | D:8      | Reached XP level 10. HP: 63/63 MP: 10/10
  8351 | D:8      | Reached skill level 10 in Maces & Flails
  8519 | D:8      | Noticed a two-headed ogre
  8582 | D:8      | Killed a two-headed ogre
  9335 | D:9      | Found Kousi's Distillery.
  9348 | D:9      | Bought a potion of lignification for 39 gold pieces
  9348 | D:9      | Bought a potion of haste for 130 gold pieces
  9348 | D:9      | Bought a potion of curing for 39 gold pieces
  9348 | D:9      | Bought a potion of curing for 39 gold pieces
  9348 | D:9      | Bought a potion of brilliance for 52 gold pieces
  9828 | D:9      | Found a flagged portal.
  9873 | Bailey   | Entered a bailey
 10651 | D:10     | Entered Level 10 of the Dungeon
 10797 | D:10     | Reached skill level 8 in Fighting
 10818 | D:10     | Found a basalt altar of Yredelemnul.
 11013 | D:10     | Noticed Josephine
 11026 | D:10     | Reached XP level 11. HP: 49/68 MP: 11/11
 11033 | D:10     | Killed Josephine
 11411 | D:10     | Noticed Harold
 11427 | D:10     | Killed Harold
 11540 | D:10     | Reached skill level 1 in Evocations
 11667 | D:11     | Identified the +1 cloak of Curiosity {Regen+ Str-3 Dex+2}
 11703 | D:11     | Found a staircase to the Lair.
 11720 | D:11     | Reached skill level 9 in Fighting
 11739 | D:11     | Noticed a cyclops
 11766 | D:11     | Killed a cyclops
 11772 | D:11     | Reached skill level 10 in Armour
 11824 | D:11     | Noticed an angel
 11826 | D:11     | Found Wafrix's Hallowed Reliquary.
 11834 | D:11     | Bought a potion of heal wounds for 70 gold pieces
 11834 | D:11     | Bought a potion of heal wounds for 70 gold pieces
 11975 | D:11     | Noticed a cyclops
 11981 | D:11     | Killed a cyclops
 12129 | D:11     | Found a staircase to the Orcish Mines.
 12778 | D:12     | Noticed a cyclops
 12788 | D:12     | Killed a cyclops
 12806 | D:12     | Noticed a boulder beetle
 12820 | D:12     | Killed a boulder beetle
 12821 | D:12     | Reached XP level 12. HP: 77/77 MP: 12/12
 13381 | D:13     | Reached skill level 10 in Fighting
 13459 | D:13     | Found a frozen archway.
 13549 | IceCv    | Entered an ice cave
 14074 | IceCv    | Noticed an ice dragon
 14119 | IceCv    | Killed an ice dragon
 14144 | IceCv    | Identified the ring "Ducleih" {rF+ rC+ Int+5 SInv}
 14409 | D:13     | Reached skill level 11 in Fighting
 14710 | D:13     | Found a bloodstained altar of Trog.
 14892 | D:14     | Reached skill level 15 in Maces & Flails
 14892 | D:14     | Noticed a vault guard
 14901 | D:14     | Killed a vault guard
 14905 | D:14     | Noticed a centaur warrior
 14924 | D:13     | HP: 4/80 [+7 long sword (18)]
 14989 | D:13     | Bought a jewelled plate armour for 868 gold pieces
 14989 | D:13     | Identified the +1 plate armour of Uskayaw's Condemnation
                  | {Harm rElec Stlth+} (You bought it in a shop on level 13 of
                  | the Dungeon)
 14991 | D:13     | Bought a fading ring mail for 279 gold pieces
 14991 | D:13     | Identified the +4 ring mail of the Other World {Harm Int+4}
                  | (You bought it in a shop on level 13 of the Dungeon)
 14991 | D:13     | Bought a warped ring mail for 279 gold pieces
 14991 | D:13     | Identified the +7 ring mail "Lunninobb" {rF+ Dex+3 Slay-3}
                  | (You bought it in a shop on level 13 of the Dungeon)
 15038 | Lair:1   | Entered Level 1 of the Lair of Beasts
 15062 | Lair:1   | Reached XP level 13. HP: 59/85 MP: 13/13
 15071 | Lair:1   | Reached skill level 12 in Fighting
 15452 | Lair:1   | Noticed Sonja
 15458 | Lair:1   | Sonja changed into Sonja the yaktaur
 15458 | Lair:1   | Noticed Sonja
 15467 | Lair:1   | Paralysed by Sonja for 5 turns
 15478 | Lair:1   | Killed Sonja the yaktaur
 15892 | Lair:2   | Found a staircase to the Snake Pit.
 15947 | Lair:2   | Found a staircase to the Shoals.
 16016 | Lair:2   | Reached skill level 13 in Fighting
 16560 | Lair:2   | Found the +8 trident of the Octopus King {venom, rElec
                  | rPois}
 17337 | Lair:3   | Reached skill level 14 in Fighting
 17386 | Lair:3   | Gained mutation: Your large and strong wings let you fly.
                  | [Gargoyle growth]
 17386 | Lair:3   | Reached XP level 14. HP: 89/96 MP: 14/14
 17623 | Lair:3   | Noticed Prince Ribbit
 17627 | Lair:3   | Killed Prince Ribbit
 18536 | Lair:4   | Found a staircase to the Slime Pits.
 19030 | Lair:5   | Entered Level 5 of the Lair of Beasts
 19402 | Lair:5   | Reached skill level 15 in Fighting
 20357 | Lair:5   | Reached skill level 16 in Fighting
 20604 | Lair:5   | Reached XP level 15. HP: 50/104 MP: 15/15
 20767 | Lair:5   | Identified the +1 broad axe of the Other Side {flame,
                  | +Blink Dex+2 SInv Stlth+}
 21329 | D:14     | Found a gate to the Vaults.
 21907 | D:15     | Entered Level 15 of the Dungeon
 21926 | D:15     | Reached skill level 17 in Fighting
 21945 | D:15     | Bought 2 potions of curing for 198 gold pieces
 21945 | D:15     | Bought a potion of heal wounds for 165 gold pieces
 21945 | D:15     | Bought a scroll labelled CERA RUNUMNAB for 33 gold pieces
 22033 | D:15     | Identified the ring "Rure" {Fire MP+9 Dex+5}
 22057 | D:15     | Found a staircase to the Depths.
 22256 | D:15     | Identified the ring of the Shimmering Saviour {Int+5 Dex+6}
 22382 | D:15     | Identified the ring of Gaeviaq {Will+ Dex+3}
 22410 | D:15     | Identified the +2 leather armour of Tyugiw {Harm rElec
                  | Will-}
 22570 | D:15     | Identified the ring "Keqic" {rC++ Will+ EV+5 Str-2}
 22651 | D:15     | Reached XP level 16. HP: 114/114 MP: 16/16
 22668 | D:15     | Reached skill level 18 in Fighting
 22745 | D:15     | Identified the +9 flail "Cazamp" {protect, rN+ Str-4 Int+4}
 22773 | D:15     | Found a blossoming altar of Fedhas.
 22773 | D:15     | Found the +5 Lochaber axe {reach-cleave, Poleaxe ^Drain}
 22939 | Orc:1    | Entered Level 1 of the Orcish Mines
 22953 | Orc:1    | Noticed Erolcha
 22967 | Orc:1    | Killed Erolcha
 23343 | Orc:1    | Found a shimmering blue altar of Sif Muna.
 23494 | Orc:2    | Entered Level 2 of the Orcish Mines
 23562 | Orc:2    | Found a staircase to the Elven Halls.
 24022 | Orc:2    | Paralysed by an ogre mage for 2 turns
 24369 | Orc:2    | Paralysed by an ogre mage for 4 turns
 24523 | Orc:2    | Found Gujeotz's Magic Scroll Shoppe.
 24528 | Orc:2    | Bought a scroll of torment for 133 gold pieces
 24528 | Orc:2    | Bought a scroll of identify for 28 gold pieces
 24528 | Orc:2    | Bought a scroll of identify for 28 gold pieces
 24528 | Orc:2    | Bought a scroll of amnesia for 56 gold pieces
 24528 | Orc:2    | Bought a scroll of fog for 56 gold pieces
 24561 | Orc:2    | Reached skill level 19 in Fighting
 24586 | Orc:2    | Found Vimioss's Magic Scroll Shoppe.
 24586 | Orc:2    | Found Netomy's Antique Weapon Shop.
 24586 | Orc:2    | Found Puteomis's Jewellery Boutique.
 24586 | Orc:2    | Found Ylit's General Store.
 24691 | Orc:2    | Found Opadig's Antique Armour Emporium.
 24706 | Orc:2    | Bought a pair of glowing gloves for 270 gold pieces
 24736 | Orc:2    | Bought a scroll of teleportation for 51 gold pieces
 24736 | Orc:2    | Bought a scroll of identify for 34 gold pieces
 24736 | Orc:2    | Bought a scroll of fog for 68 gold pieces
 24736 | Orc:2    | Bought a scroll of fog for 68 gold pieces
 24737 | Orc:2    | Bought a scroll of identify for 24 gold pieces
 24737 | Orc:2    | Bought a scroll of identify for 24 gold pieces
 24737 | Orc:2    | Identified a scroll of acquirement
 24739 | Orc:2    | Acquired 777 gold pieces
 24743 | Orc:2    | Bought an iridescent flail for 238 gold pieces
 24743 | Orc:2    | Identified the +7 flail of the Bursting Rat {flame, rPois
                  | Str+2 Dex+3} (You bought it in a shop on level 2 of the
                  | Orcish Mines)
 24757 | Orc:2    | Bought a pair of runed gloves for 210 gold pieces
 24769 | Orc:2    | Bought a potion of curing for 84 gold pieces
 25065 | Snake:1  | Entered Level 1 of the Snake Pit
 25380 | Snake:1  | Identified the serpent talisman of the Hairy God {*Slow
                  | rF+++ rCorr SInv}
 25380 | Snake:1  | Noticed Aizul
 25395 | Snake:1  | Killed Aizul
 26029 | Snake:2  | Reached XP level 17. HP: 82/122 MP: 0/17
 27352 | Snake:3  | Reached skill level 20 in Fighting
 28094 | Snake:4  | Entered Level 4 of the Snake Pit
 28353 | Snake:4  | Noticed Bai Suzhen
 28455 | Snake:3  | Killed Bai Suzhen
 29116 | Snake:4  | Reached skill level 21 in Fighting
 29333 | Snake:4  | Reached XP level 18. HP: 79/132 MP: 18/18
 29712 | Snake:4  | Got a serpentine rune of Zot
 30085 | Elf:1    | Entered Level 1 of the Elven Halls
 30682 | Elf:1    | Reached skill level 5 in Evocations
 30809 | Elf:1    | Reached skill level 22 in Fighting
 31211 | Elf:2    | Noticed Donald
 31234 | Elf:2    | Killed Donald
 31254 | Elf:2    | Paralysed by an air elemental for 1 turns
 31378 | Elf:2    | Found a runed translucent door.
 31380 | Elf:2    | Noticed Qebbeiho's ghost (adept OpSh)
 31504 | Elf:2    | Killed Qebbeiho's ghost
 31757 | Elf:2    | Found a runed translucent gate.
 31757 | Elf:2    | Found a runed translucent gate.
 31757 | Elf:2    | Found a runed translucent gate.
 31800 | Abyss:3  | Cast into level 3 of the Abyss (+1 short sword of
                  | distortion)
 31824 | Abyss:3  | Noticed a bone dragon
 31837 | Abyss:3  | Killed a bone dragon
 31867 | Abyss:3  | Noticed a lich
 31870 | Abyss:3  | Reached XP level 19. HP: 88/140 MP: 19/19
 32008 | Abyss:3  | Reached skill level 15 in Armour
 32047 | Abyss:3  | Got an abyssal rune of Zot
 32058 | Abyss:3  | Gained mutation: You occasionally shout uncontrollably at
                  | your foes. [a neqoxec]
 32139 | Abyss:3  | Noticed an ancient lich
 32141 | Elf:2    | Escaped the Abyss
 32371 | Elf:3    | Entered Level 3 of the Elven Halls
 32455 | Elf:3    | Reached skill level 23 in Fighting
 32540 | Elf:3    | Paralysed by an air elemental for 1 turns
 32737 | Abyss:3  | Cast into level 3 of the Abyss (a deep elf demonologist)
 32928 | Elf:3    | Escaped the Abyss
 32986 | Elf:3    | Bought the +2 hood of the Assassin {Detect Stab+ Stlth++}
                  | for 1920 gold pieces
 32986 | Elf:3    | Found the +2 hood of the Assassin {Detect Stab+ Stlth++}
 32986 | Elf:3    | Bought a steaming chain mail for 304 gold pieces
 32986 | Elf:3    | Identified the +1 chain mail of the Butcher {rElec rC+
                  | Int+4 Dex-4} (You bought it in a shop on level 3 of the
                  | Elven Halls)
 33116 | Elf:3    | Killed from afar by a deep elf annihilator

Illustrated notes

Levels and vault maps discovered:
D:1:      nzn_arrival_water_spiral, layout_loops_corners, serial_shops, shop,
          chequers_ecumenical_altar_simple
D:2:      layout_loops_corners, basic_altar
D:3:      layout_basic, gup_sewer_entry_bowl, roderic_lattice_a,
          kennysheep_generic_room_12, uniq_jessica
D:4:      layout_cave_pods, lemuel_tele_altar, minmay_temple_entry_glass,
          chequers_serial_rivers_micro_e, uniq_robin, uniq_eustachio
D:5:      layout_gridville, doesnt_shop_hydraphobe, uniq_grinder, uniq_edmund,
          uniq_blork_the_orc
D:6:      layout_loops_ring, nicolae_lava_and_water, uniq_menkaure
D:7:      layout_loops_ring, serial_library_hellmonk_u_bend, grunt_ministairs_7
D:8:      layout_basic, nicolae_zen_rock_garden
D:9:      layout_small_grid, serial_shops, nicolae_shop_industrial_runoff,
          enter_bailey_8
D:10:     layout_roguey, lemuel_mausoleum_altar_yredelemnul, uniq_harold,
          uniq_josephine
D:11:     layout_loops_ring, minmay_lair_entry_grove, hiddenorc1_lemuel,
          nicolae_good_shop
D:12:     layout_grid_maze, patterned_corridor
D:13:     layout_irregular_city, serial_ice, serial_ice_j, serial_ice_d,
          serial_ice_n, serial_ice_e, serial_ice_a, serial_ice_g, serial_ice_b,
          portal_ice_cave_entry_ice_simulacra, tgw_trog
D:14:     layout_basic, erik_vaults_1, grunt_decor_clamped
D:15:     hangedman_spin_cycle
Temple:   nicolae_temple_slightly_damp_pantheon
Lair:1:   layout_chaotic_city, minivault_24, beast_lair_carwin_9,
          infiniplex_staircase_pool, uniq_sonja
Lair:2:   layout_cave_pods, minmay_shoals_entry_beasts, dummy_snake_entry,
          kennysheep_abandoned_house, lemuel_fruit_tree
Lair:3:   layout_regular_city, gauntlet_entry_generic, uniq_prince_ribbit2
Lair:4:   layout_regular_city, minmay_slime_entry_pillars, fungi_pond_lemuel
Lair:5:   hangedman_lair_in_review, layout_misc_corridors,
          hangedman_lair_caniforms_friends, dreamdust_deal_with_the_devil,
          nicolae_quartered_pool_super, serial_bayou_pond_e
Snake:1:  layout_misc_corridors, grunt_megastairs_4, uniq_aizul
Snake:2:  layout_layer_cave
Snake:3:  layout_basic, grunt_megastairs_2
Snake:4:  snake_pit, layout_grid_shapes, special_room, uniq_bai_suzhen
Orc:1:    layout_caves, led_sif_book, uniq_erolcha
Orc:2:    st_orc_ogre_mass, layout_caves, serial_shops, nicolae_square_shop,
          shop, elves_outpost_lemuel
Elf:1:    nicolae_elf_arrival_no_cutting_in_line, layout_rooms, special_room
          [special_room_orc], nicolae_elf_crossing_hall
Elf:2:    elven_hall_of_blades_hangedman_original
          [nicolae_blade_entry_floor_patterns], layout_loops_corners,
          hellmonk_ghost_happy_afterlife, uniq_donald
Elf:3:    minmay_elf_hall_curves, layout_rooms

Skill      XL: |  1  2  3  4  5  6  7  8  9 10 11 12 13 14 15 16 17 18 19 |
---------------+----------------------------------------------------------+-----
Dodging        | 1 |  1.6
Shields        | 4 5 |  5.3
Fighting       | 4 5 7 8 9 11 14 16 17 19 21 22 23 | 23.4
Maces & Flails | 3 4 5 7 9 11 13 15 16 17 18 19 20 21 22 | 22.6
Armour         | 4 5 6 8 9 10 11 12 13 14 15 | 15.2
Evocations     | 1 2 3 4 5 |  5.2
Stealth        | |  0.2

Action                     |  1- 3 |  4- 6 |  7- 9 | 10-12 | 13-15 | 16-18 | 19-21 || total
---------------------------+-------+-------+-------+-------+-------+-------+-------++-------
  Melee: Flail             |   138 |   221 |   186 |       |       |       |       ||   545
         Unarmed           |       |     2 |       |       |       |       |       ||     2
         Dire flail        |       |       |   215 |   856 |  1269 |  1999 |   495 ||  4834
  Throw: Throwing net      |       |     1 |     3 |     2 |       |     1 |       ||     7
         Dart              |       |       |       |    14 |    16 |    12 |       ||    42
 Invoke: Call Merchant     |       |       |       |     2 |     2 |     2 |     1 ||     7
         Potion Petition   |       |       |       |     2 |       |     1 |       ||     3
  Evoke: Wand              |       |       |     2 |     4 |    22 |    15 |     1 ||    44
         Phial of floods   |       |       |       |     1 |     1 |     2 |       ||     4
         Tin of tremorston |       |       |       |       |     2 |     4 |       ||     6
         Sack of spiders   |       |       |       |       |     2 |     4 |     1 ||     7
    Use: Potion            |       |     3 |     2 |     6 |     3 |     6 |     1 ||    21
         Scroll            |       |     1 |     9 |     6 |     8 |     7 |     1 ||    32
   Stab: Distracted        |       |       |     2 |     3 |    11 |    10 |     4 ||    30
         Invisible         |       |       |       |     5 |     3 |       |       ||     8
         Paralysed         |       |       |       |       |    10 |       |       ||    10
         Petrifying        |       |       |       |       |     1 |       |       ||     1
         Petrified         |       |       |       |       |     1 |       |       ||     1
         Fleeing           |       |       |       |       |       |     1 |       ||     1
         Held in net/web   |       |       |       |       |       |       |     1 ||     1
 Armour: Scale mail        |   126 |       |       |       |       |       |       ||   126
         Chain mail        |       |   357 |   328 |   119 |       |       |       ||   804
         Skin              |       |     1 |       |       |       |       |       ||     1
         Plate armour      |       |       |       |   270 |       |       |       ||   270
         Ring mail         |       |       |       |   249 |   931 |  1486 |   340 ||  3006
  Dodge: Dodged            |    73 |   200 |   186 |   267 |   480 |   967 |   253 ||  2426
  Block: Buckler           |    35 |   112 |    68 |       |       |       |       ||   215
         Other             |       |       |    13 |   127 |    95 |       |       ||   235
         Reflection        |       |       |       |     7 |       |       |       ||     7
